[Event "Early-Titled-Tuesday-Blitz-February-20-2024"]
[Site "Chess.com"]
[Date "2024.02.20"]
[Round "1"]
[White "TigrVShlyape"]
[Black "Triumphmate"]
[Result "1-0"]
[WhiteElo "2923"]
[BlackElo "2508"]
[TimeControl "180+1"]
[EndTime "8:04:35 PST"]
[Termination "TigrVShlyape won by resignation"]

1. e4 d5 2. exd5 Nf6 3. d4 Bg4 4. Be2 Bxe2 5. Qxe2 Qxd5 6. Nf3 Nc6 7. c4 Qe4 8. Nc3 Qxe2+ 9. Kxe2 e6 10. Rd1 O-O-O 11.
a3 g6 12. h3 Bg7 13. Be3 Rd7 14.
Ne5 Nxe5 15. dxe5 Rxd1 16. Rxd1 Nd7 17. f4 Rd8 18. Ne4 f6 19. exf6 Nxf6 20. Rxd8+ Kxd8 21. Nc5 Ke7 22. Nxb7 Ne4 23. Kd3 Ng3 24. b4 Nf5 25. Bxa7 Kd7 26. Bf2 Kc6 27. Na5+ Kd7 28. b5 e5 29. fxe5 Bxe5 30. Nc6 Bb2 31. a4 Nd6 32. a5 Kc8 33. a6 Nf7 34. Bg3 Bf6 35. c5 Ng5 36. b6 Ne6 37. b7+ 1-0

[Event "Early-Titled-Tuesday-Blitz-February-20-2024"]
[Site "Chess.com"]
[Date "2024.02.20"]
[Round "1"]
[White "NewBornNow"]
[Black "Lucky_Puncher"]
[Result "1-0"]
[WhiteElo "2790"]
[BlackElo "2437"]
[TimeControl "180+1"]
[EndTime "8:04:36 PST"]
[Termination "NewBornNow won by resignation"]

1. e4 c5 2. Nf3 d6 3. d4 cxd4 4. Nxd4 Nf6 5. Bd3 e5 6. Nb3 d5 7. exd5 Nxd5 8. O-O Be6 9. Be4 Nc6 10. Qf3 Nd4 11.
Nxd4 exd4 12. Rd1 Bc5 13. c4 Ne7 14. Bxb7 Rb8 15. Bc6+ Bd7 16. Be4 O-O 17. Bxh7+ Kh8 18. Qh5 1-0

[Event "Early-Titled-Tuesday-Blitz-February-20-2024"]
[Site "Chess.com"]
[Date "2024.02.20"]
[Round "1"]
[White "edgarhay012"]
[Black "ragnaroek66"]
[Result "0-1"]
[WhiteElo "2637"]
[BlackElo "2390"]
[TimeControl "180+1"]
[EndTime "8:04:39 PST"]
[Termination "ragnaroek66 won by resignation"]

1. e4 c5 2. Nc3 Nc6 3. Bb5 Nd4 4. Bc4 e6 5. Nge2 Nf6 6. O-O a6 7. a4 d5 8. exd5 exd5 9. Ba2 Nc6 10. d4 c4 11. Nf4 Be7 12. Be3 O-O 13. h3 Bb4 14.
Qf3 Be6 15. Nxe6 fxe6 16. Qe2 Qd6 17. Nd1 Rae8 18. f4 Ne4 19. Rf3 b5 20. c3 Ba5 21.
Nf2 Nf6 22. axb5 axb5 23. Bb1 b4 24. Bd2 Rb8 25. Ng4 bxc3 26. bxc3 Rb2 27. Nxf6+ Rxf6 28. Qe1 Rf8 29. Re3 0-1

[Event "Early-Titled-Tuesday-Blitz-February-20-2024"]
[Site "Chess.com"]
[Date "2024.02.20"]
[Round "1"]
[White "mjelcic"]
[Black "MaestroCheck"]
[Result "0-1"]
[WhiteElo "2184"]
[BlackElo "2580"]
[TimeControl "180+1"]
[EndTime "8:04:40 PST"]
[Termination "MaestroCheck won by resignation"]

1. d4 Nf6 2. c4 d6 3. Nc3 e5 4. dxe5 dxe5 5. Qxd8+ Kxd8 6. Bg5 c6 7. O-O-O+ Kc7 8.
e4 Be6 9. f4 Ng4 10. Nh3 f6 11. f5 Bf7 12. Bd2 Nd7 13. Be2 h5 14. Bxg4 hxg4 15. Nf2 Bh5 16. g3 Bc5 17. Rdf1 a5 18.
Ncd1 a4 19. Be3 Bf7 20. Bxc5 Nxc5 21. Ne3 Rad8 22. Rd1 Rxd1+ 23. Kxd1 Rd8+ 24. Kc2 Rd4 25. Rd1 Nxe4 26. Rxd4 exd4 27. Nexg4 Nxf2 28. Nxf2 Bxc4 29. Ne4 Bxa2 30. Kd3 Bd5 31. Nc5 b6 32. Nxa4 c5 33.
b4 Kc6 34. Nb2 Bg2 35. h4 Kd5 36. Nc4 Bf1+ 0-1

[Event "Early-Titled-Tuesday-Blitz-February-20-2024"]
[Site "Chess.com"]
[Date "2024.02.20"]
[Round "1"]
[White "ChainedDowntohell"]
[Black "pedro_nascimento85"]
[Result "1-0"]
[WhiteElo "2562"]
[BlackElo "2122"]
[TimeControl "180+1"]
[EndTime "8:04:42 PST"]
[Termination "ChainedDowntohell won by resignation"]

1. d4 d5 2. c4 e6 3. Nc3 a6 4. e3 Nf6 5. Nf3 Be7 6. b3 c5 7.
dxc5 Bxc5 8. Bb2 O-O 9. cxd5 exd5 10. Bd3 Bg4 11. O-O Ba7 12. h3 Bh5 13. Be2 Nc6 14.
Nh4 Bxe2 15. Nxe2 Rc8 16. Nf5 Qd7 17. Neg3 Qe6 18. Qf3 Ne5 19. Qf4 Nd3 20. Qg5 Ne8 21. Bxg7 Qg6 22. Ne7+ 1-0

[Event "Early-Titled-Tuesday-Blitz-February-20-2024"]
[Site "Chess.com"]
[Date "2024.02.20"]
[Round "1"]
[White "Felix-Rose"]
[Black "Alexchess1984"]
[Result "0-1"]
[WhiteElo "2265"]
[BlackElo "2617"]
[TimeControl "180+1"]
[EndTime "8:04:43 PST"]
[Termination "Alexchess1984 won by resignation"]

1. e4 c5 2. Nf3 Nc6 3. d4 cxd4 4. Nxd4 g6 5. c4 Nf6 6. Nc3 d6 7. f3 Bg7 8. Be3 Bd7 9. Qd2 O-O 10. Be2 Nxd4 11.
Bxd4 a5 12. O-O Bc6 13. b3 Nd7 14. Be3 Nc5 15. Rac1 e6 16. Rfd1 Be5 17. Nb5 Qh4 18.
g3 Bxg3 19. hxg3 Qxg3+ 20. Kf1 Nxe4 21. fxe4 f5 22. Bf2 fxe4 23. Qd4 e3 0-1

[Event "Early-Titled-Tuesday-Blitz-February-20-2024"]
[Site "Chess.com"]
[Date "2024.02.20"]
[Round "1"]
[White "ajedrezsinlimites"]
[Black "NCchamp"]
[Result "1-0"]
[WhiteElo "2637"]
[BlackElo "2296"]
[TimeControl "180+1"]
[EndTime "8:04:48 PST"]
[Termination "ajedrezsinlimites won by resignation"]

1. e4 c6 2. d4 d5 3. exd5 cxd5 4.
c3 Nc6 5. Bf4 Nf6 6. Bd3 g6 7.
Nf3 Bf5 8. h3 Bxd3 9. Qxd3 Bg7 10. Nbd2 O-O 11. O-O a6 12. Rfe1 b5 13. b4 Qb6 14. a4 bxa4 15. Rxa4 Rfe8 16. Nb3 Nd7 17. Nc5 Nxc5 18. bxc5 Qb5 19. Qc2 e5 20. Rb1 exf4 21. Rxb5 axb5 22. Rxa8 Rxa8 23. Qb3 b4 24. cxb4 Rb8 25.
b5 Nxd4 26. Nxd4 Bxd4 27. Qxd5 Bf6 28. b6 Kg7 29. Qd6 Rd8 30. Qc7 Rd1+ 31. Kh2 Re1 32.
b7 Be5 33. b8=Q Bxc7 34. Qxc7 g5 35. c6 h5 36. Qa5 Rc1 37. Qxg5+ 1-0

[Event "Early-Titled-Tuesday-Blitz-February-20-2024"]
[Site "Chess.com"]
[Date "2024.02.20"]
[Round "1"]
[White "Chessdreamer2001"]
[Black "MightyGMpretender"]
[Result "0-1"]
[WhiteElo "2484"]
[BlackElo "2870"]
[TimeControl "180+1"]
[EndTime "8:04:49 PST"]
[Termination "MightyGMpretender won by resignation"]

1. e4 c5 2. Nf3 Nc6 3. Bb5 Nf6 4.
Nc3 Qc7 5. O-O Nd4 6. Nxd4 cxd4 7. Nd5 Nxd5 8. exd5 Qc5 9. Ba4 Qxd5 10. Bb3 Qf5 11. d3 e6 12. Re1 b6 13. Re4 Qc5 14. c3 dxc3 15. bxc3 Bb7 16. Rc4 Qf5 17. Rf4 Qg6 18.
Rg4 Qf6 19. Bg5 Qf5 20. d4 h5 21. Rg3 Bd6 22. f4 h4 23. Rg4 h3 24. g3 Qe4 25.
Qf1 Qh1+ 26. Kf2 Qf3+ 0-1

[Event "Early-Titled-Tuesday-Blitz-February-20-2024"]
[Site "Chess.com"]
[Date "2024.02.20"]
[Round "1"]
[White "BlueWizzard"]
[Black "EvilMorty23"]
[Result "1-0"]
[WhiteElo "2900"]
[BlackElo "2500"]
[TimeControl "180+1"]
[EndTime "8:04:51 PST"]
[Termination "BlueWizzard won by resignation"]

1. d4 Nf6 2. Nc3 e6 3. Nf3 d5 4.
Bg5 Be7 5. Bxf6 gxf6 6. e4 dxe4 7. Nxe4 f5 8. Ng3 c5 9. c3 Nc6 10. Bb5 cxd4 11. Nxd4 Bd7 12. Qa4 Ne5 13. O-O-O Qc7 14. Ndxf5 exf5 15. Nxf5 Bg5+ 16. Kb1 O-O-O 17. Bxd7+ Rxd7 18. f4 b5 19. Qe4 Rhd8 20. Qa8+ Qb8 21. Qxb8+ Kxb8 22. Rxd7 Rxd7 23. fxe5 Rd2 24. g3 Re2 25. Nd4 Rxe5 26. Nc6+ 1-0

[Event "Early-Titled-Tuesday-Blitz-February-20-2024"]
[Site "Chess.com"]
[Date "2024.02.20"]
[Round "1"]
[White "Chessdreamer2020"]
[Black "abeljusto"]
[Result "1-0"]
[WhiteElo "2555"]
[BlackElo "2084"]
[TimeControl "180+1"]
[EndTime "8:04:51 PST"]
[Termination "Chessdreamer2020 won by checkmate"]

1. e4 c5 2. Nf3 Nc6 3. Bb5 g6 4. O-O Bg7 5. c3 Nf6 6. Qa4 O-O 7. d4 cxd4 8. cxd4 Nxe4 9. d5 Nc5 10. Qa3 Qb6 11. Nc3 Nd4 12. Nxd4 Bxd4 13. Bh6 Bxc3 14. Qxc3 f6 15. Bxf8 Kxf8 16. Bc4 d6 17. b4 Nd7 18.
Kh1 a6 19. Rfe1 Qd8 20. Re3 b5 21. Bb3 Bb7 22. Rae1 Nb6 23. Rxe7 Nxd5 24. Bxd5 Bxd5 25. Qxf6+ Kg8 26. Qg7# 1-0

[Event "Early-Titled-Tuesday-Blitz-February-20-2024"]
[Site "Chess.com"]
[Date "2024.02.20"]
[Round "1"]
[White "ikhasu"]
[Black "Suleyman_Chess06"]
[Result "1-0"]
[WhiteElo "2437"]
[BlackElo "2735"]
[TimeControl "180+1"]
[EndTime "8:04:54 PST"]
[Termination "ikhasu won by resignation"]

1. d4 d5 2. Bf4 c6 3. e3 Nf6 4. c4 Bf5 5. Nc3 e6 6. Nf3 Bd6 7. Bg3 O-O 8. c5 Bc7 9. Bd3 Nbd7 10. Qc2 Bg6 11. O-O Re8 12. Rfd1 e5 13. Nxe5 Nxe5 14. Bxe5 Bxe5 15. dxe5 Rxe5 16. Bxg6 hxg6 17. Rd4 Qe7 18. b4 Re8 19. h3 Nd7 20. Rad1 f5 21.
Ne2 g5 22. Ng3 Qe6 23. Kh2 Nf6 24. f4 Rxe3 25. Qxf5 gxf4 26. Rxf4 Qe5 27. Qxe5 R8xe5 28. Rd2 Rxg3 29. Rxf6 Rxh3+ 30. Kxh3 gxf6 31. Kh2 Kf7 1-0

[Event "Early-Titled-Tuesday-Blitz-February-20-2024"]
[Site "Chess.com"]
[Date "2024.02.20"]
[Round "1"]
[White "viktorskliarov"]
[Black "ajedrez-facil"]
[Result "1/2-1/2"]
[WhiteElo "2591"]
[BlackElo "2230"]
[TimeControl "180+1"]
[EndTime "8:04:57 PST"]
[Termination "Game drawn by agreement"]

1. e4 c5 2. Nf3 d6 3. d4 cxd4 4.
Qxd4 a6 5. Be3 Nf6 6. Nc3 Nc6 7. Qd2 g6 8. O-O-O Qa5 9. Kb1 Be6 10. Nd5 Qxd2 11. Nxf6+ exf6 12. Rxd2 Be7 13. Nd4 Nxd4 14. Bxd4 O-O-O 15. c4 Rd7 16. b3 Re8 17. f3 f5 18.
Bd3 fxe4 19. Bxe4 f5 20. Bc2 Bg5 21. Re2 Bf7 22. Rhe1 Rxe2 23. Rxe2 Re7 24. Rxe7 Bxe7 25. g4 fxg4 26. fxg4 Be6 27. h3 h5 28. Bxg6 hxg4 29.
hxg4 Bxg4 30. Be4 Bd7 31. Kc2 Bc6 32. Kd3 Kd7 33. a4 Ke6 34. Bc3 1/2-1/2

[Event "Early-Titled-Tuesday-Blitz-February-20-2024"]
[Site "Chess.com"]
[Date "2024.02.20"]
[Round "1"]
[White "Makswolf200817"]
[Black "Kotofeyca"]
[Result "1-0"]
[WhiteElo "2738"]
[BlackElo "2402"]
[TimeControl "180+1"]
[EndTime "8:05:03 PST"]
[Termination "Makswolf200817 won by resignation"]

1. e4 c5 2. Nf3 d6 3. c3 Nf6 4.
h3 Nc6 5. Bd3 e6 6. O-O Be7 7. Bc2 d5 8. e5 Nd7 9. d4 b6 10. Re1 Qc7 11. a3 Ba6 12. b4 cxd4 13. cxd4 Bc4 14. Nbd2 b5 15. Nxc4 bxc4 16. Bg5 Nb6 17.
Qd2 h6 18. Bxe7 Qxe7 19. b5 Nd8 20. a4 a5 21. bxa6 Rxa6 22. a5 Nd7 23. Ba4 O-O 24.
Reb1 Nb8 25. Rxb8 Qc7 26. Rb5 Nc6 27. Rc5 Qa7 28. Bxc6 Rc8 29. Bb5 1-0

[Event "Early-Titled-Tuesday-Blitz-February-20-2024"]
[Site "Chess.com"]
[Date "2024.02.20"]
[Round "1"]
[White "AnaKuchava"]
[Black "xakevicius91"]
[Result "0-1"]
[WhiteElo "2207"]
[BlackElo "2594"]
[TimeControl "180+1"]
[EndTime "8:05:04 PST"]
[Termination "xakevicius91 won on time"]

1. d4 Nf6 2. Nf3 e6 3. c4 b6 4. a3 Bb7 5. Nc3 d5 6. cxd5 Nxd5 7. e3 Nxc3 8. bxc3 Nd7 9. Bd3 Bd6 10. O-O O-O 11. Bb2 Qe7 12. Qe2 e5 13. e4 c5 14. d5 Rac8 15. c4 g6 16. a4 a5 17.
Rab1 Rce8 18. Bc3 Bc8 19. Qd2 Kg7 20. Ne1 g5 21. Nc2 Bc7 22. Ne3 Nb8 23. Nf5+ Bxf5 24.
exf5 Nd7 25. f6+ Qxf6 26. Kh1 Qf4 27. Qb2 f6 28. g3 Qf3+ 29. Kg1 Qxd3 0-1

[Event "Early-Titled-Tuesday-Blitz-February-20-2024"]
[Site "Chess.com"]
[Date "2024.02.20"]
[Round "1"]
[White "ActorXu"]
[Black "Schachmalanders"]
[Result "1-0"]
[WhiteElo "2810"]
[BlackElo "2455"]
[TimeControl "180+1"]
[EndTime "8:05:07 PST"]
[Termination "ActorXu won by resignation"]

1. e4 c6 2. Nf3 d5 3. d3 Nf6 4. e5 Nfd7 5. d4 e6 6. c3 c5 7. Bd3 Nc6 8. O-O Qb6 9. Bc2 cxd4 10. cxd4 Nb4 11. Bb3 Be7 12. a3 Nc6 13. Nc3 O-O 14.
Bc2 f6 15. Qd3 g6 16. Bh6 fxe5 17. Bxf8 Bxf8 18. dxe5 Ndxe5 19. Nxe5 Nxe5 20. Qg3 Qxb2 21. Qxe5 Qxc2 22. Nb5 Qf5 23. Qg3 e5 24. Nc7 Rb8 25.
Nxd5 Be6 26. Rad1 Rc8 27. h3 Rc2 28. Ne3 1-0

[Event "Early-Titled-Tuesday-Blitz-February-20-2024"]
[Site "Chess.com"]
[Date "2024.02.20"]
[Round "1"]
[White "colegiodemadrid"]
[Black "Angry_Twin"]
[Result "0-1"]
[WhiteElo "2521"]
[BlackElo "2980"]
[TimeControl "180+1"]
[EndTime "8:05:09 PST"]
[Termination "Angry_Twin won by checkmate"]

1. e4 c5 2. Nf3 d6 3. d4 cxd4 4. Nxd4 Nf6 5. Nc3 a6 6. Bg5 e6 7. f4 h6 8. Bh4 Nbd7 9. Qf3 e5 10.
Nf5 exf4 11. O-O-O g5 12. Bf2 Ne5 13. Qe2 Bxf5 14.
exf5 Bg7 15. h4 O-O 16. hxg5 hxg5 17. Bd4 Re8 18. Bxe5 Rxe5 19. Qf3 Qb6 20. Bd3 Rc8 21. Ne4 Nxe4 22. Bxe4 Ra5 23. f6 Bxf6 24. b3 Rxa2 25. Qh3 Ra1+ 26. Kd2 Qf2+ 27. Kd3 Rc3# 0-1

[Event "Early-Titled-Tuesday-Blitz-February-20-2024"]
[Site "Chess.com"]
[Date "2024.02.20"]
[Round "1"]
[White "DeArron_Fox"]
[Black "hansen"]
[Result "0-1"]
[WhiteElo "2508"]
[BlackElo "2926"]
[TimeControl "180+1"]
[EndTime "8:05:12 PST"]
[Termination "hansen won by resignation"]

1. d4 d6 2. c4 e5 3. Nf3 Nc6 4. Nc3 g6 5. dxe5 Nxe5 6. Nxe5 dxe5 7. Qxd8+ Kxd8 8. Bg5+ f6 9. O-O-O+ Bd7 10. Be3 c6 11. g3 Kc7 12. Ne4 Bf5 13. Bg2 Bxe4 14. Bxe4 Bh6 15.
Bxh6 Nxh6 16. h4 f5 17. Bf3 e4 18. Bg2 Ng4 19. Rdf1 e3 20. fxe3 Nxe3 21. Rf2 Rae8 22.
h5 Nxc4 23. g4 fxg4 24. Rf7+ Kb6 25. Rd1 Ne3 26. Rdd7 Nxg2 27. Rxb7+ Kc5 28. b4+ Kd5 29. Rbd7+ Ke6 0-1

[Event "Early-Titled-Tuesday-Blitz-February-20-2024"]
[Site "Chess.com"]
[Date "2024.02.20"]
[Round "1"]
[White "PLAYER_2006_M"]
[Black "TokChess"]
[Result "0-1"]
[WhiteElo "3019"]
[BlackElo "2543"]
[TimeControl "180+1"]
[EndTime "8:05:13 PST"]
[Termination "TokChess won by resignation"]

1. e4 c5 2. Nf3 e6 3. d4 cxd4 4. Nxd4 a6 5. Nc3 b5 6. Bd3 Bb7 7. O-O Qc7 8. Re1 Bc5 9. Nb3 Be7 10. Qg4 Nf6 11. Qxg7 Rg8 12. Qh6 Nc6 13. Bf4 Ne5 14. Bg3 Rg6 15. Qe3 h5 16. Bf1 Nfg4 17. Qd4 h4 18.
Bxe5 Nxe5 19. Kh1 O-O-O 0-1

[Event "Early-Titled-Tuesday-Blitz-February-20-2024"]
[Site "Chess.com"]
[Date "2024.02.20"]
[Round "1"]
[White "Muslim_player_05"]
[Black "klimkoj"]
[Result "0-1"]
[WhiteElo "2486"]
[BlackElo "2874"]
[TimeControl "180+1"]
[EndTime "8:05:14 PST"]
[Termination "klimkoj won on time"]

1. d4 Nf6 2. c4 g6 3. Nc3 d5 4.
cxd5 Nxd5 5. e4 Nxc3 6. bxc3 Bg7 7. Be3 c5 8. Qd2 Qa5 9. Nf3 Nc6 10. Rb1 a6 11. Rc1 cxd4 12. cxd4 Qxd2+ 13. Kxd2 e6 14. h4 O-O 15. Bd3 Rd8 16. Rc4 Bd7 17. h5 b5 0-1

[Event "Early-Titled-Tuesday-Blitz-February-20-2024"]
[Site "Chess.com"]
[Date "2024.02.20"]
[Round "1"]
[White "PattyCastillo"]
[Black "DucksParadise"]
[Result "0-1"]
[WhiteElo "1932"]
[BlackElo "2540"]
[TimeControl "180+1"]
[EndTime "8:05:14 PST"]
[Termination "DucksParadise won by resignation"]

1. d4 Nf6 2. Nf3 g6 3. Nc3 d5 4. Bf4 Bg7 5. e3 O-O 6. Be2 c5 7. Ne5 cxd4 8. exd4 Nc6 9. O-O Bf5 10. g4 Be6 11. h3 Rc8 12. a3 Ne4 13. Qd3 Nxc3 14.
bxc3 Nxe5 15. Bxe5 Bxe5 16. dxe5 Qc7 17. f4 Qxc3 18.
Rab1 b6 19. Rf3 Qxc2 20. Qxc2 Rxc2 21. Bd3 Rc3 22. Be2 d4 23. Rd1 Rxf3 24. Bxf3 Rd8 25. Kf2 f6 26. Ke2 fxe5 27. fxe5 Bd5 28. Re1 d3+ 29. Kf2 d2 0-1

[Event "Early-Titled-Tuesday-Blitz-February-20-2024"]
[Site "Chess.com"]
[Date "2024.02.20"]
[Round "1"]
[White "LuisFSiles"]
[Black "nindjaxx8"]
[Result "0-1"]
[WhiteElo "2278"]
[BlackElo "2630"]
[TimeControl "180+1"]
[EndTime "8:05:15 PST"]
[Termination "nindjaxx8 won by resignation"]

1. e4 e6 2. d4 d5 3. Nc3 Bb4 4. Ne2 dxe4 5. a3 Bxc3+ 6. Nxc3 Nf6 7. Bg5 h6 8. Bh4 Bd7 9. Nxe4 Bc6 10. Bxf6 gxf6 11.
Nc3 Nd7 12. d5 exd5 13. Nxd5 Bxd5 14. Qxd5 Qe7+ 15. Be2 O-O-O 16. Qf3 Rhe8 17. Kf1 Kb8 18. Re1 Nb6 19. Qc3 Na4 20. Qb3 Qxe2+ 21. Rxe2 Rd1+ 0-1

[Event "Early-Titled-Tuesday-Blitz-February-20-2024"]
[Site "Chess.com"]
[Date "2024.02.20"]
[Round "1"]
[White "RantomOpening"]
[Black "HittingRookBottom"]
[Result "1-0"]
[WhiteElo "2551"]
[BlackElo "2015"]
[TimeControl "180+1"]
[EndTime "8:05:15 PST"]
[Termination "RantomOpening won by checkmate"]

1. b3 c6 2. Bb2 d5 3. e3 Nf6 4.
Nf3 Bg4 5. c4 e6 6. Nc3 Nbd7 7.
d4 Bb4 8. Qc2 Qa5 9. a3 Bxc3+ 10.
Bxc3 Qc7 11. Bd3 Bh5 12. Ne5 Nxe5 13. dxe5 Nd7 14. f4 Bg6 15. O-O Bxd3 16. Qxd3 Nc5 17. Qc2 Ne4 18. b4 a6 19. Bd4 O-O 20. cxd5 exd5 21.
f5 b6 22. Rac1 Rac8 23. f6 c5 24. Qe2 cxd4 25. Rxc7 Rxc7 26. exd4 Rfc8 27. Qg4 g6 28. Qf4 Kf8 29. Qh6+ Ke8 30. Qxh7 Rc1 31. Qg8+ Kd7 32.
Qxf7+ Kd8 33. Qxd5+ Ke8 34. Qe6+ Kf8 35. Qe7+ Kg8 36.
Qg7# 1-0

[Event "Early-Titled-Tuesday-Blitz-February-20-2024"]
[Site "Chess.com"]
[Date "2024.02.20"]
[Round "1"]
[White "Sina_Movahed"]
[Black "Kaua18"]
[Result "1-0"]
[WhiteElo "2961"]
[BlackElo "2514"]
[TimeControl "180+1"]
[EndTime "8:05:16 PST"]
[Termination "Sina_Movahed won by resignation"]

1. e4 c6 2. d4 d5 3. e5 Bf5 4.
h4 h5 5. Bg5 Qb6 6. Bd3 Bxd3 7.
Qxd3 e6 8. Nd2 Qa6 9. c4 Ne7 10. Ne2 Nf5 11. O-O Nd7 12. Ng3 g6 13. Qc3 Bh6 14.
Nxf5 gxf5 15. cxd5 cxd5 16. Rfc1 Bxg5 17. hxg5 Qb6 18.
b4 Ke7 19. Nb3 Rac8 20. Nc5 Nxc5 21. bxc5 Qc7 22. Rab1 Rb8 23. Qa3 a6 24. c6+ Kd8 25. cxb7 Qd7 26. Qa5+ Ke8 27. Rc7 Qd8 28. Qc5 h4 29.
Rc8 1-0

[Event "Early-Titled-Tuesday-Blitz-February-20-2024"]
[Site "Chess.com"]
[Date "2024.02.20"]
[Round "1"]
[White "Jojo_898"]
[Black "maciek_92"]
[Result "0-1"]
[WhiteElo "2457"]
[BlackElo "2811"]
[TimeControl "180+1"]
[EndTime "8:05:17 PST"]
[Termination "maciek_92 won by checkmate"]

1. e4 c5 2. Nf3 e6 3. c3 Nf6 4.
Bd3 Nc6 5. O-O a6 6. a4 Qc7 7. Bc2 d5 8. d3 Be7 9. Be3 O-O 10. Nbd2 Ng4 11. d4 cxd4 12. Bxd4 e5 13. Be3 d4 14.
Bg5 dxc3 15. bxc3 Rd8 16. Qe2 Bxg5 17. Nxg5 h6 18. Ngf3 Be6 19. Rab1 Na5 20. h3 Nf6 21. Nb3 Bc4 22. Qe3 Bxf1 23. Kxf1 Nc4 24. Qe2 Na3 25. Rc1 Qxc3 26. Bd1 Qb4 27. Nc5 Rac8 28. Qe3 Nxe4 29. Nxe4 Rxc1 30. Qxc1 Qxe4 31. Be2 Qb1 32. Qxb1 Nxb1 33.
Nxe5 Nc3 34. Bc4 Rd1# 0-1

[Event "Early-Titled-Tuesday-Blitz-February-20-2024"]
[Site "Chess.com"]
[Date "2024.02.20"]
[Round "1"]
[White "Anton_Demchenko"]
[Black "Sjakkerntobi"]
[Result "1-0"]
[WhiteElo "2911"]
[BlackElo "2505"]
[TimeControl "180+1"]
[EndTime "8:05:22 PST"]
[Termination "Anton_Demchenko won by resignation"]

1. e4 e6 2. d4 d5 3. Nd2 a6 4.
Bd3 c5 5. dxc5 Bxc5 6. Ngf3 Nc6 7. O-O Nb4 8. e5 Nxd3 9. cxd3 Ne7 10. Nb3 Bb6 11. Be3 Bc7 12. Bc5 O-O 13. Re1 f6 14. d4 Rf7 15. Bxe7 Qxe7 16. Rc1 Bb6 17. Nc5 fxe5 18.
Nxe5 Rf8 19. Qc2 Ba5 20. Re3 Bd8 21. Rh3 g6 22. Rg3 Qg7 23. Nxg6 1-0

[Event "Early-Titled-Tuesday-Blitz-February-20-2024"]
[Site "Chess.com"]
[Date "2024.02.20"]
[Round "1"]
[White "manipun1"]
[Black "Witik"]
[Result "0-1"]
[WhiteElo "2417"]
[BlackElo "2764"]
[TimeControl "180+1"]
[EndTime "8:05:23 PST"]
[Termination "Witik won by resignation"]

1. e4 c6 2. d4 d5 3. Nc3 dxe4 4. Nxe4 Nf6 5. Nxf6+ exf6 6. Be3 Bd6 7. Bd3 O-O 8. Ne2 Re8 9. Qd2 Nd7 10. O-O Nf8 11. Rfe1 Ng6 12. Rad1 Qc7 13. h3 Be6 14. c4 Rad8 15.
Nc3 Qd7 16. Bf1 Nh4 17. d5 Bxh3 18. Bxa7 Bxg2 19. Rxe8+ Rxe8 20. Qd3 Qg4 21. dxc6 Bf3+ 0-1

[Event "Early-Titled-Tuesday-Blitz-February-20-2024"]
[Site "Chess.com"]
[Date "2024.02.20"]
[Round "1"]
[White "Zavgorodniy_Sergiy"]
[Black "le-castor-faineant"]
[Result "1-0"]
[WhiteElo "2622"]
[BlackElo "2272"]
[TimeControl "180+1"]
[EndTime "8:05:25 PST"]
[Termination "Zavgorodniy_Sergiy won by resignation"]

1. d4 Nf6 2. c4 g6 3. Nf3 Bg7 4. Nc3 d6 5. e4 O-O 6. Be2 Nbd7 7. O-O e5 8. Qc2 exd4 9. Nxd4 a5 10. Be3 Nc5 11.
f3 Re8 12. Rfd1 c6 13. Bf2 Qc7 14. Rac1 h5 15. b3 Ne6 16. Qd2 Nc5 17. Bf1 Rd8 18. Rb1 Be6 19. Bh4 Rd7 20. Qc2 Rb8 21. Rd2 Qb6 22. Bf2 Qc7 23. a3 d5 24. b4 axb4 25.
axb4 Na6 26. Bg3 Qd8 27. Bxb8 Nxb8 28. Nxe6 fxe6 29. exd5 exd5 30. Qxg6 d4 31. Ne4 Nxe4 32. Qxe4 c5 33. b5 Re7 34. Qg6 Nd7 35. Qxh5 Nf6 36. Qf5 Qd6 37. Bd3 Re5 38. Qc8+ Kf7 39. Qxb7+ Re7 40.
Qc6 Qf4 41. Rdd1 Qe3+ 42. Kh1 Nh5 43. Qd5+ 1-0

[Event "Early-Titled-Tuesday-Blitz-February-20-2024"]
[Site "Chess.com"]
[Date "2024.02.20"]
[Round "1"]
[White "MikeSailer"]
[Black "CM_rui"]
[Result "0-1"]
[WhiteElo "2152"]
[BlackElo "2574"]
[TimeControl "180+1"]
[EndTime "8:05:25 PST"]
[Termination "CM_rui won by resignation"]

1. d4 Nf6 2. Nf3 e6 3. Bf4 b6 4. e3 Bb7 5. Be2 Be7 6. h3 h6 7. O-O g5 8. Bh2 Rg8 9. Ne1 d6 10. c4 Nbd7 11. Nc3 h5 12. d5 g4 13. hxg4 hxg4 14.
dxe6 fxe6 15. Nd3 Kf7 16. Nf4 Qf8 17. Nb5 Qh6 18. f3 g3 19. Bxg3 Rxg3 20. Nxc7 Rag8 21. Ncxe6 Ne5 22. Kf2 Qh4 23. Ke1 Rxg2+ 24. Kd2 Bxf3 25.
Kc1 Bxe2 26. Nxe2 Qxc4+ 27. Nc3 Nd3+ 0-1

[Event "Early-Titled-Tuesday-Blitz-February-20-2024"]
[Site "Chess.com"]
[Date "2024.02.20"]
[Round "1"]
[White "Andrei_Skvortsov"]
[Black "InitiatingASC"]
[Result "1-0"]
[WhiteElo "2716"]
[BlackElo "2384"]
[TimeControl "180+1"]
[EndTime "8:05:26 PST"]
[Termination "Andrei_Skvortsov won by checkmate"]

1. e4 c5 2. d4 cxd4 3. Qxd4 Nf6 4. Nc3 Nc6 5. Qd3 d6 6. Nf3 g6 7. Be2 Bg7 8. O-O O-O 9. Nd5 Nxd5 10. exd5 Ne5 11. Nxe5 Bxe5 12. c3 Bf5 13. Qd1 Bg7 14.
a4 Qa5 15. Qb3 Qc7 16. a5 Rfc8 17. Be3 Be4 18. Rfd1 Qd7 19. f3 Bf5 20. g4 Be5 21. Qb4 Bc2 22. Rd2 Bf5 23. gxf5 Qxf5 24. Qg4 Qf6 25. f4 Bxc3 26. Rc2 h5 27. Qh3 Rc7 28. bxc3 Rxc3 29. Rxc3 Qxc3 30. Rd1 Qxa5 31. Qd7 Kf8 32. Qxb7 Re8 33. Kf2 Qa4 34. Qxa7 Qe4 35. Qd4 Qf5 36. Qh8# 1-0

[Event "Early-Titled-Tuesday-Blitz-February-20-2024"]
[Site "Chess.com"]
[Date "2024.02.20"]
[Round "1"]
[White "ViratKohl_i"]
[Black "Salem-AR"]
[Result "0-1"]
[WhiteElo "2521"]
[BlackElo "2997"]
[TimeControl "180+1"]
[EndTime "8:05:27 PST"]
[Termination "Salem-AR won by resignation"]

1. e4 c5 2. Nf3 d6 3. d4 cxd4 4. Nxd4 Nf6 5. Nc3 Nc6 6. Nd5 e6 7. Nxf6+ gxf6 8. Nb3 h5 9. Be3 Bd7 10. Qd2 h4 11. O-O-O Qc7 12. f4 Be7 13. Kb1 O-O-O 14. Be2 Kb8 15. Rhf1 Bc8 16. f5 d5 17. fxe6 fxe6 18.
exd5 Rxd5 19. Qc3 Rxd1+ 20. Bxd1 Rd8 21. Bf3 e5 22. Bxc6 Qxc6 23. Qxc6 bxc6 24. Na5 Kc7 25.
Bxa7 Rd2 26. Rg1 Bf5 27. Nb3 Rxc2 28. Ka1 c5 29. Rf1 Bd3 30. Rd1 e4 31. Nc1 Kb7 0-1

[Event "Early-Titled-Tuesday-Blitz-February-20-2024"]
[Site "Chess.com"]
[Date "2024.02.20"]
[Round "1"]
[White "Zohid6"]
[Black "FuenfgegenWilly"]
[Result "1-0"]
[WhiteElo "2863"]
[BlackElo "2481"]
[TimeControl "180+1"]
[EndTime "8:05:28 PST"]
[Termination "Zohid6 won by resignation"]

1. e4 e5 2. Nf3 Nc6 3. Nc3 Nf6 4. a3 h6 5. d4 exd4 6. Nxd4 Bc5 7.
Nxc6 bxc6 8. Bd3 d6 9. Na4 Bb6 10. Nxb6 axb6 11. O-O O-O 12. b3 Ng4 13. h3 Ne5 14. Be2 c5 15. Bb2 Bb7 16. f4 Ng6 17. Bd3 Qh4 18. Qd2 Rfe8 19. Rae1 Bc6 20. Kh2 Rad8 21. Qc3 f6 22. e5 Nxf4 23. Qc4+ d5 24. Qxf4 Qxf4+ 25. Rxf4 fxe5 26. Rxe5 d4 27. Rxe8+ Rxe8 28.
b4 Re1 29. bxc5 bxc5 30. Rf5 1-0